[Event "*** Titled Tuesday Blitz"]
[Site "Chess.com"]
[Date "2020.12.01"]
[Round "1"]
[White "csati17"]
[Black "Blitzking642"]
[Result "1-0"]
[WhiteElo "2595"]
[BlackElo "2282"]
[TimeControl "180+1"]
[EndTime "10:07:32 PST"]
[Termination "csati17 won by resignation"]

1. c4 c5 2. Nc3 Nc6 3. g3 g6 4.
Bg2 Bg7 5. e3 e6 6. Nge2 Nge7 7.
O-O O-O 8. e4 d6 9. d3 a6 10.
Rb1 Rb8 11. a3 b5 12. cxb5 axb5 13. b4 Nd4 14. bxc5 Nxe2+ 15. Nxe2 dxc5 16. Be3 Qd6 17. Rc1 c4 18. dxc4 Qxa3 19. cxb5 Rxb5 20. Nd4 Rb8 21. Qc2 Ba6 22. Ra1 Qd6 23. Rfd1 Rfc8 24. Qa4 Rc4 25.
Qxa6 Qxa6 26. Rxa6 Rd8 27. Bf1 Rcc8 28. Rd2 Rd7 29. Nf5 Rxd2 30. Nxe7+ Kf8 31. Nxg6+ hxg6 32. Bxd2 Be5 33. Be3 Kg7 34. Ra4 Rc2 35. Bd4 Bxd4 36. Rxd4 Kf6 37. Kg2 Ke5 38. Rc4 Rd2 39. Kf3 f5 40. Ke3 Rd1 41. f4+ Kf6 42. e5+ Kf7 43.
Rc7+ Kf8 44. Kf2 Rb1 45. Bd3 Rb2+ 46. Rc2 Rb3 47. Bc4 Rb1 48. Bxe6 Rh1 49. Kg2 Re1 1-0

[Event "*** Titled Tuesday Blitz"]
[Site "Chess.com"]
[Date "2020.12.01"]
[Round "1"]
[White "elegant285"]
[Black "HarutyunianTigranK"]
[Result "0-1"]
[WhiteElo "2357"]
[BlackElo "2705"]
[TimeControl "180+1"]
[EndTime "10:07:33 PST"]
[Termination "HarutyunianTigranK won by resignation"]

1. d4 Nf6 2. c4 e6 3. Nf3 d5 4. g3 Be7 5. Bg2 O-O 6. O-O Nbd7 7. Qc2 c6 8. Nbd2 b6 9. e4 dxc4 10. Nxc4 Bb7 11. Rd1 c5 12. Nfe5 cxd4 13. Rxd4 Qc7 14.
Bf4 Nxe5 15. Bxe5 Qc5 16. Rd2 Rac8 17. Rc1 Rfd8 18. Rxd8+ Rxd8 19. a3 Ng4 20. b4 Qc6 21. Ba1 Rc8 22. h3 Nf6 23. Bxf6 Bxf6 24. Ne3 Qxc2 25.
Rxc2 Rxc2 26. Nxc2 Bb2 27. Bf3 Bc6 28. Kf1 Ba4 29.
Bd1 Bxa3 30. Nxa3 Bxd1 31. Nb5 a6 32. Nc7 a5 33. bxa5 bxa5 34. Ke1 Bc2 35. f3 Kf8 36. Kd2 Bb3 37. Nb5 Bc4 38. Nd6 Bf1 39. h4 Ke7 40.
Nb7 a4 41. Nc5 a3 42. Kc3 a2 43. Kb2 Bc4 44. Na4 Kd6 45. Nb6 Kc5 46. Nd7+ Kd4 47.
Nb6 e5 48. Ka1 Be6 49. Kb2 Ke3 50. Na4 Kxf3 51. Nc5 Kxg3 0-1

[Event "*** Titled Tuesday Blitz"]
[Site "Chess.com"]
[Date "2020.12.01"]
[Round "1"]
[White "GMStefanova"]
[Black "glebus008"]
[Result "1-0"]
[WhiteElo "2559"]
[BlackElo "2236"]
[TimeControl "180+1"]
[EndTime "10:07:33 PST"]
[Termination "GMStefanova won on time"]

1. d4 d5 2. Bf4 c5 3. e3 Nc6 4.
c3 Nf6 5. Nd2 cxd4 6. exd4 Bg4 7. Qb3 Qc8 8. h3 Bh5 9. Ngf3 e6 10. g4 Bg6 11. Ne5 Be7 12. Be2 O-O 13. h4 h6 14. Nxg6 fxg6 15. Be3 Kh8 16. g5 Nh5 17. gxh6 Nf4 18. hxg7+ Kxg7 19. Bxf4 Rxf4 20. h5 g5 21. h6+ Kh8 22. Qb5 Qc7 23. Qd3 Raf8 24. Rf1 e5 25.
dxe5 Nxe5 26. Qg3 Bf6 27. O-O-O Qa5 28. Kb1 Ra4 29. a3 Rxa3 30. bxa3 Qxa3 31. Rc1 Rc8 32. Rc2 Rc6 33. Rb2 Rb6 34. Rxb6 axb6 35. Rc1 Nc4 36.
Nxc4 dxc4 37. Qb8+ Kh7 38. Qxb7+ Kxh6 39. Qxb6 Kg6 40. Bxc4 1-0

[Event "*** Titled Tuesday Blitz"]
[Site "Chess.com"]
[Date "2020.12.01"]
[Round "1"]
[White "TheCairnTerrier"]
[Black "Rytenko_V"]
[Result "1/2-1/2"]
[WhiteElo "2170"]
[BlackElo "2508"]
[TimeControl "180+1"]
[EndTime "10:07:33 PST"]
[Termination "Game drawn by repetition"]

1. e4 c5 2. Nf3 Nc6 3. Bb5 g5 4. Bxc6 dxc6 5. Nxg5 Nf6 6. d3 Rg8 7. Bf4 Bh6 8. Nxf7 Qa5+ 9. b4 cxb4 10. Nxh6 b3+ 11. Qd2 b2 12. Qxa5 bxa1=Q 13. Nxg8 Qxb1+ 14. Kd2 Qxh1 15. Nxf6+ exf6 16. Qh5+ Kd8 17. Qf7 Bg4 18. Qg8+ Ke7 19. Qg7+ Ke8 20. Qg8+ Ke7 21. Qg7+ Kd8 22. Qxg4 Qf1 23. Qg8+ Ke7 24. Qg7+ Ke8 25. Qg8+ Ke7 26. Qg7+ Ke6 27. Qg4+ Kf7 28. Qd7+ Kg6 29. Qg4+ Kf7 30. Qd7+ Kg8 31. Bh6 Qxf2+ 32. Kc1 Qe1+ 33. Kb2 Qb4+ 34. Kc1 Qe1+ 35. Kb2 Qb4+ 36. Ka1 Qc3+ 37. Kb1 Qe1+ 38. Kb2 1/2-1/2

[Event "*** Titled Tuesday Blitz"]
[Site "Chess.com"]
[Date "2020.12.01"]
[Round "1"]
[White "The_Machine04"]
[Black "sergiochess83"]
[Result "0-1"]
[WhiteElo "2400"]
[BlackElo "2804"]
[TimeControl "180+1"]
[EndTime "10:07:34 PST"]
[Termination "sergiochess83 won by resignation"]

1. d4 Nf6 2. Bg5 d5 3. e3 c5 4.
Bxf6 gxf6 5. dxc5 e6 6. c4 dxc4 7. Nd2 Bxc5 8. Bxc4 Nc6 9. Ngf3 O-O 10. O-O Be7 11.
a3 b6 12. Rc1 Bb7 13. b4 f5 14. Qe2 a5 15. b5 Nb8 16. a4 Nd7 17. Nb3 Rc8 18. Rfd1 Rc7 19. Nfd4 Ba3 20. Ra1 Qe7 21. Nc6 Bxc6 22. bxc6 Rxc6 23. Bb5 Rd6 24. Bxd7 Qxd7 25. Rxd6 Qxd6 26. Nd4 Bc5 27. Nb5 Qe5 28. Rd1 Rc8 29. g3 Qe4 30. Qa2 Bb4 31. h4 Qc2 32. Qxc2 Rxc2 33.
Rd8+ Kg7 34. Rb8 Ra2 35. Rxb6 Rxa4 36. Nd4 Ra2 37. Rb7 Kf6 38. Ra7 Be1 39. f4 Bf2+ 40.
Kf1 Bxe3 41. Nc6 Bxa7 42. Nxa7 a4 0-1

[Event "*** Titled Tuesday Blitz"]
[Site "Chess.com"]
[Date "2020.12.01"]
[Round "1"]
[White "Shuvalov"]
[Black "Beca95"]
[Result "0-1"]
[WhiteElo "2439"]
[BlackElo "2917"]
[TimeControl "180+1"]
[EndTime "10:07:35 PST"]
[Termination "Beca95 won by resignation"]

1. Nf3 g6 2. c4 Bg7 3. d4 d6 4. Nc3 Nd7 5. e4 e5 6. Be2 Nh6 7. dxe5 dxe5 8. O-O O-O 9. h3 c6 10. Be3 f6 11. c5 Nf7 12. Nd2 Qe7 13. b4 f5 14. Nc4 Nf6 15. Qc2 f4 16. Bc1 Ng5 17.
Kh2 h5 18. Nd6 Be6 19. Bc4 Kh7 20. Bxe6 Nxe6 21. Ne2 a5 22. Bd2 axb4 23. Bxb4 Ng4+ 24. hxg4 Qh4+ 25. Kg1 hxg4 26. g3 Qh3 27. f3 fxg3 28. Nxg3 Qxg3+ 29. Qg2 Qxg2+ 30. Kxg2 gxf3+ 31. Rxf3 Nf4+ 32.
Kh2 Bf6 33. Raf1 Rh8 34. Kg1 Rxa2 35. R1f2 Rxf2 36. Kxf2 Kg7 37. Nxb7 Rb8 38. Na5 Rxb4 39. Nxc6 Rb2+ 40. Kf1 Rc2 41. Nb4 Rxc5 42. Ke1 Rc4 43. Nd5 Rxe4+ 44. Ne3 Rxe3+ 45. Rxe3 Ng2+ 46. Kf2 Nxe3 47.
Kxe3 Kf7 48. Ke4 Ke6 49. Kf3 Kf5 0-1

[Event "*** Titled Tuesday Blitz"]
[Site "Chess.com"]
[Date "2020.12.01"]
[Round "1"]
[White "jacky72"]
[Black "rynos0411"]
[Result "1-0"]
[WhiteElo "2703"]
[BlackElo "2355"]
[TimeControl "180+1"]
[EndTime "10:07:35 PST"]
[Termination "jacky72 won by resignation"]

1. d4 Nf6 2. c4 e6 3. Nf3 d5 4.
Nc3 Bb4 5. cxd5 exd5 6. Bg5 h6 7.
Bh4 g5 8. Bg3 Ne4 9. Qc2 Bf5 10.
Qb3 Bxc3+ 11. bxc3 b6 12. e3 h5 13. Bb5+ Kf8 14.
h3 Nxg3 15. fxg3 Qe7 16. Kf2 c6 17. Be2 Nd7 18. Rhe1 Nf6 19. Nxg5 h4 20. gxh4 Rxh4 21. c4 Ne4+ 22. Nxe4 Bxe4 23. Bg4 f5 24. Bf3 Bxf3 25.
Kxf3 Qe4+ 26. Kf2 Kg8 27. cxd5 cxd5 28. Rac1 Re8 29. Rc7 f4 30. Rd7 fxe3+ 31. Kg1 Rh5 32. Qc3 Rg5 33. Re2 Kh8 34. Qc6 Rg6 35. Qxd5 Qxd5 36.
Rxd5 Rge6 37. g4 Kg7 38. Rd7+ R8e7 39. Rxe7+ Rxe7 40. Kg2 Re4 41. Kf3 Rxd4 42. Rxe3 Ra4 43. a3 a5 44. h4 b5 45. h5 b4 46. axb4 axb4 47. Re6 Ra3+ 48. Kf4 Ra1 49. Rb6 Rf1+ 50. Kg5 Rb1 51. h6+ Kh7 52. Rb7+ Kh8 53. Kg6 1-0

[Event "*** Titled Tuesday Blitz"]
[Site "Chess.com"]
[Date "2020.12.01"]
[Round "1"]
[White "Kaslask"]
[Black "GregShahade"]
[Result "0-1"]
[WhiteElo "2351"]
[BlackElo "2695"]
[TimeControl "180+1"]
[EndTime "10:07:35 PST"]
[Termination "GregShahade won on time"]

1. d4 Nf6 2. c4 g6 3. Nc3 d5 4. cxd5 Nxd5 5. Bd2 Nb6 6. e3 Bg7 7.
f4 O-O 8. Nf3 c5 9. dxc5 N6d7 10.
b4 a5 11. b5 Nxc5 12. Qc2 Bf5 13. Qd1 Nd3+ 14. Bxd3 Qxd3 15. Rc1 Nd7 16. Qe2 Nc5 17. Nd1 Qa3 18. Nf2 Nd3+ 19. Nxd3 Bxd3 20. Qd1 Rac8 21.
Kf2 Bxb5 22. Rxc8 Rxc8 23. Qb1 Ba6 24. Rc1 Rxc1 25. Bxc1 Qc5 26. Bd2 h6 27. Qb3 b6 28.
Qa4 Bb5 29. Qe4 Bc6 30. Qd3 Bd5 31. a3 e6 32. Ne5 Bxe5 33. fxe5 Qc6 34. Qd4 Bxg2 35.
e4 Bxe4 36. Qd8+ Kh7 37. Qh4 Qc5+ 38. Be3 Qxe5 39. Qxh6+ Kg8 40. Qf4 Qb2+ 41. Kg3 Qg2+ 42. Kh4 Bf5 43. Qg3 Qe4+ 44. Kg5 Kg7 0-1

[Event "*** Titled Tuesday Blitz"]
[Site "Chess.com"]
[Date "2020.12.01"]
[Round "1"]
[White "orestn"]
[Black "Misi_95"]
[Result "0-1"]
[WhiteElo "2350"]
[BlackElo "2692"]
[TimeControl "180+1"]
[EndTime "10:07:35 PST"]
[Termination "Misi_95 won by checkmate"]

1. e4 c5 2. Nf3 Nc6 3. d4 cxd4 4. Nxd4 Nf6 5. Nc3 d6 6. Bg5 Bd7 7. Qd2 a6 8. O-O-O e6 9. f4 Be7 10. Nf3 b5 11. Bxf6 gxf6 12. Kb1 Qb6 13. Bd3 O-O-O 14. Rc1 Kb8 15. Rhf1 Rc8 16. Ne2 Na5 17. f5 Rc7 18. g4 Rhc8 19. g5 Nc4 20. Bxc4 Rxc4 21. fxe6 fxe6 22. Ng3 Qc5 23. gxf6 Bxf6 24. e5 Bxe5 25.
Nxe5 Qxe5 26. Rf7 Be8 27. Re7 Bg6 28. Qa5 Qc5 29. Qxa6 Rc7 30. Rxc7 Kxc7 31. Qa5+ Kb7 32. Qd2 e5 33. Nf1 Re4 34. Qh6 Re2 35. Nd2 Qe3 36. Qg7+ Kc6 37. Nb3 Qf2 38. Qg8 Qf5 39. Qa8+ Kd7 40. Qb7+ Ke6 41. Qxb5 Rxc2 42. Ka1 Rxc1+ 43. Nxc1 Qb1# 0-1

[Event "*** Titled Tuesday Blitz"]
[Site "Chess.com"]
[Date "2020.12.01"]
[Round "1"]
[White "skoularikii"]
[Black "FairChess_on_YouTube"]
[Result "0-1"]
[WhiteElo "2452"]
[BlackElo "2992"]
[TimeControl "180+1"]
[EndTime "10:07:36 PST"]
[Termination "FairChess_on_YouTube won by resignation"]

1. e4 c5 2. Nf3 e6 3. d4 cxd4 4.
Nxd4 Nc6 5. Nc3 Qc7 6. Be2 a6 7.
O-O Be7 8. Kh1 b5 9. Nxc6 dxc6 10. f4 c5 11. f5 b4 12. fxe6 fxe6 13. Nd5 Qc6 14. Bf3 Bb7 15. Bf4 O-O-O 16. Qe2 Bd6 17. e5 exd5 18. Bg4+ Kb8 19. exd6 Nf6 20. Be6 Ka8 21. Rad1 Rhe8 22. Qe5 d4 23. Rd2 Ne4 24. Re2 Nxd6 25. Qxg7 Nf5 26. Qg4 Ne3 27. Bxe3 Rxe6 28. Bg5 Rxe2 29. Qxe2 Rg8 30. Rf6 Qb5 31. Qxb5 axb5 32.
h4 Re8 33. Rf2 Ka7 34. Kh2 h5 35. Kg3 Re4 36. Bh6 Rg4+ 37. Kh3 Bc8 38. Rf7+ Kb6 39. Kh2 Rxh4+ 40. Kg1 Re4 41. Bf8 Re2 42. Rf6+ Be6 43.
Kf1 Re4 44. Kf2 Kc6 45. Kf3 Kd5 46. Rh6 Bg4+ 47. Kg3 Re3+ 48. Kf4 Re4+ 49. Kg3 Re2 50.
Rd6+ Ke4 51. Rb6 Rxc2 52. Rxb5 d3 53. Bxc5 d2 54. Rxb4+ Kd5 55. Rd4+ Kxc5 56. b4+ 0-1

[Event "*** Titled Tuesday Blitz"]
[Site "Chess.com"]
[Date "2020.12.01"]
[Round "1"]
[White "Das_Virus_2020"]
[Black "hansen"]
[Result "0-1"]
[WhiteElo "2441"]
[BlackElo "2921"]
[TimeControl "180+1"]
[EndTime "10:07:36 PST"]
[Termination "hansen won by resignation"]

1. e4 c5 2. c3 Nf6 3. e5 Nd5 4. Nf3 Nc6 5. d4 cxd4 6. cxd4 d6 7. Bc4 e6 8. O-O Be7 9. Nc3 Nxc3 10. bxc3 dxe5 11. Nxe5 Nxe5 12. dxe5 Qc7 13. Bb5+ Kf8 14. Qd4 b6 15. Be3 Bb7 16. Rfd1 h5 17. a4 Rd8 18. Qf4 Rxd1+ 19. Rxd1 g5 20. Qd4 Kg7 21. Qd7 Rc8 22.
Qxc7 Rxc7 23. Rd7 Rxd7 24. Bxd7 Kg6 25. Bd4 g4 26. h3 gxh3 27. gxh3 Bg5 28. Kh2 Bf4+ 29.
Kg1 Bf3 30. Be8 h4 31. Kf1 Kf5 32. Bxf7 Bc6 33. Bh5 Bxe5 34. Bg4+ Kf6 35. Bxe5+ Kxe5 36. Bd1 Kf4 37. Bc2 e5 38. Bb3 b5 39. a5 Bd7 40.
Kg2 e4 41. Bd5 e3 42. fxe3+ Kxe3 43. c4 Kd4 44. cxb5 Kxd5 45. b6 axb6 46. axb6 Kc6 47. Kf3 Bxh3 48. Kf4 Bc8 0-1

[Event "*** Titled Tuesday Blitz"]
[Site "Chess.com"]
[Date "2020.12.01"]
[Round "1"]
[White "akanga001"]
[Black "Piotrek1979"]
[Result "0-1"]
[WhiteElo "1947"]
[BlackElo "2467"]
[TimeControl "180+1"]
[EndTime "10:07:37 PST"]
[Termination "Piotrek1979 won on time"]

1. d4 Nf6 2. c4 d6 3. Nc3 Nbd7 4.
e4 e5 5. d5 a5 6. h3 Nc5 7. Bd3 Be7 8. Bc2 O-O 9. Nf3 Ne8 10.
Qe2 g6 11. Bh6 Ng7 12. g4 Bd7 13. O-O-O a4 14. Rdg1 f6 15. h4 Ra6 16. Qe3 Rb6 17.
Nd2 Qa8 18. f4 exf4 19. Qxf4 Qa5 20. Qe3 Qb4 21. Nd1 Ra8 22. Qc3 c6 23. Qxb4 Rxb4 24. Be3 cxd5 25. exd5 f5 26. Bd4 fxg4 27. Re1 Re8 28.
Bc3 Rb6 29. Re2 Bd8 30. Rhe1 Rxe2 31. Rxe2 Bxh4 32. Ne4 Nxe4 33. Rxe4 Nf5 34. Ne3 Nxe3 35.
Rxe3 Bg5 36. Bd4 Ra6 37. Kd2 g3 38. Ke2 Bxe3 39. Bxe3 Bg4+ 40. Kf1 Ra8 41. Kg2 Re8 42. Bf4 Re2+ 43. Kxg3 Rxc2 44. Kxg4 Rxc4 45. Kg5 Rxf4 0-1

[Event "*** Titled Tuesday Blitz"]
[Site "Chess.com"]
[Date "2020.12.01"]
[Round "1"]
[White "ulkaf961"]
[Black "tvjosue"]
[Result "1/2-1/2"]
[WhiteElo "2300"]
[BlackElo "2582"]
[TimeControl "180+1"]
[EndTime "10:07:38 PST"]
[Termination "Game drawn by repetition"]

1. d4 Nf6 2. Bg5 Ne4 3. Bh4 c5 4. e3 Qb6 5. Nc3 Nxc3 6. bxc3 d5 7. Nf3 Nc6 8. Bd3 c4 9. Be2 Bf5 10. O-O e6 11. Rb1 Qc7 12. Bg3 Bd6 13. Bxd6 Qxd6 14.
Rxb7 O-O 15. Nh4 Bg6 16. f3 Rab8 17. Rxb8 Rxb8 18. Nxg6 hxg6 19. e4 Qa3 20. Qd2 Rb2 21. exd5 exd5 22. f4 Qxa2 23. Rc1 Rb1 24. Bf3 Rxc1+ 25.
Qxc1 Qa5 26. Qe3 Kf8 27. h4 Qd8 28. h5 gxh5 29. Bxh5 a5 30. Qh3 Qd6 31. Bf3 a4 32.
Qc8+ Nd8 33. Qa8 a3 34. Bxd5 Ke7 35. Bxc4 Qxf4 36. Qxa3+ Kf6 37. Qa6+ Kg5 38. Qb6 Qe3+ 39. Kh2 Qf4+ 40. Kg1 Qe3+ 41. Kh2 Qf4+ 42. Kg1 1/2-1/2

[Event "*** Titled Tuesday Blitz"]
[Site "Chess.com"]
[Date "2020.12.01"]
[Round "1"]
[White "Neftegor"]
[Black "Nachsueb"]
[Result "1-0"]
[WhiteElo "2531"]
[BlackElo "2178"]
[TimeControl "180+1"]
[EndTime "10:07:39 PST"]
[Termination "Neftegor won by checkmate"]

1. Nf3 g6 2. e4 Bg7 3. d4 c5 4. d5 e6 5. Nc3 exd5 6. Nxd5 Ne7 7. Bg5 Nbc6 8. Bb5 Qa5+ 9. b4 Nxb4 10. O-O Nexd5 11. exd5 O-O 12. Be2 d6 13. a3 Na6 14.
c4 Bf5 15. Bd2 Qc7 16. Rc1 Rfe8 17. Be3 Nb8 18. Qd2 Nd7 19. Nh4 Be4 20. f3 Bf5 21.
Nxf5 gxf5 22. Bf2 Nf6 23. Bd3 b5 24. Bxf5 bxc4 25. Rxc4 Rab8 26. Bh4 Qb7 27. Rd1 Qb2 28. Rc2 Qe5 29. Qd3 Qe3+ 30. Qxe3 Rxe3 31. Bg3 Rd8 32.
a4 Nh5 33. Bf2 Ra3 34. Rc4 Rb8 35. g3 Nf6 36. Rd2 Ra1+ 37. Kg2 Rb4 38. Rdc2 Rbxa4 39. Rxa4 Rxa4 40. Rb2 Rb4 41. Ra2 c4 42. Rxa7 Kf8 43. Rc7 Nxd5 44. Rc8+ Ke7 45. Be4 Nf6 46. Bf5 d5 47. Bc5# 1-0

[Event "*** Titled Tuesday Blitz"]
[Site "Chess.com"]
[Date "2020.12.01"]
[Round "1"]
[White "Joel1285"]
[Black "r31415"]
[Result "0-1"]
[WhiteElo "1831"]
[BlackElo "2462"]
[TimeControl "180+1"]
[EndTime "10:07:39 PST"]
[Termination "r31415 won on time"]

1. d4 Nf6 2. c4 g6 3. Nf3 Bg7 4. Nc3 d5 5. cxd5 Nxd5 6. e4 Nxc3 7. bxc3 c5 8. Rb1 O-O 9. Be2 Nc6 10. d5 Ne5 11. Nxe5 Bxe5 12. Qd2 e6 13. f4 Bc7 14. O-O exd5 15. exd5 Ba5 16. Bb2 Bf5 17. Rbd1 Qd7 18. Bf3 Rad8 19. h3 h5 20. Qc1 c4 21. Rfe1 Rfe8 22.
Rxe8+ Rxe8 23. d6 Bxh3 24. gxh3 Qxh3 25. Bg2 Bb6+ 26. Kf1 Qg3 27. Rd4 Bxd4 28. cxd4 Qd3+ 29. Kg1 b6 30. Qc3 Rd8 31. Qxd3 cxd3 32. Ba3 a5 33.
Kf1 b5 34. Bc5 Kg7 35. Bc6 b4 36. d7 Kf6 37. Ke1 h4 38. Kd2 h3 39. Bb6 Ke7 40.
Bxd8+ Kxd8 41. Kxd3 f6 42. Kc4 g5 43. fxg5 fxg5 44. Kb5 g4 45. Kxa5 g3 0-1

[Event "*** Titled Tuesday Blitz"]
[Site "Chess.com"]
[Date "2020.12.01"]
[Round "1"]
[White "lelya96"]
[Black "Orest_Vovk"]
[Result "0-1"]
[WhiteElo "2231"]
[BlackElo "2550"]
[TimeControl "180+1"]
[EndTime "10:07:40 PST"]
[Termination "Orest_Vovk won on time"]

1. e4 Nc6 2. Nf3 d5 3. exd5 Qxd5 4. d4 Bg4 5. Be2 O-O-O 6. c4 Qh5 7. Be3 e5 8. d5 e4 9. Nd4 Bxe2 10. Qxe2 Qxe2+ 11. Kxe2 Nxd4+ 12. Bxd4 f6 13. Nc3 Re8 14. c5 Nh6 15. c6 bxc6 16. dxc6 a6 17. Rac1 Nf5 18.
Rhd1 Bd6 19. h3 h5 20. a3 Re6 21. b4 Kd8 22. b5 axb5 23. Nxb5 Ke7 24. Rc4 Ra8 25. a4 Nxd4+ 26. Rdxd4 f5 27. Nxd6 Rxd6 28.
Ke3 Ra6 29. Rxd6 Kxd6 30. Kf4 g6 31. Kg5 Rxc6 32. Rd4+ Ke5 33. Rd8 Ra6 34. Re8+ Kd4 35. Rd8+ Kc3 36. Rc8 Kd2 37. Rxc7 Ke2 38. Kf4 Kxf2 39.
Rc2+ Kg1 40. Kg3 h4+ 41. Kxh4 Rxa4 42. Kg3 Ra3+ 43. Kf4 Kf1 44. g4 fxg4 45. hxg4 e3 46. Rc1+ Kf2 47. g5 e2 48. Rc2 Ra5 49. Kg4 Ra4+ 50. Kh3 Kf1 0-1

[Event "*** Titled Tuesday Blitz"]
[Site "Chess.com"]
[Date "2020.12.01"]
[Round "1"]
[White "picturesquecheck"]
[Black "ehrenfeld"]
[Result "0-1"]
[WhiteElo "2133"]
[BlackElo "2503"]
[TimeControl "180+1"]
[EndTime "10:07:40 PST"]
[Termination "ehrenfeld won by resignation"]

1. e4 d6 2. d4 g6 3. Nc3 Bg7 4. g3 Nf6 5. Bg2 O-O 6. Nge2 Nbd7 7.
O-O c5 8. h3 Rb8 9. Be3 b6 10.
a4 a6 11. f4 cxd4 12. Nxd4 Bb7 13. a5 b5 14. Nd5 e6 15. Nxf6+ Bxf6 16. c3 Qc7 17.
Qe2 Bg7 18. Rfc1 Nc5 19. Bf2 e5 20. b4 exd4 21. cxd4 Rfe8 22. bxc5 Bxe4 23. Bxe4 d5 24. Qa2 dxe4 25. Re1 Rbd8 26. Rad1 Qd7 27. Kh2 h5 28. d5 h4 29. g4 g5 30. fxg5 Be5+ 31. Kh1 e3 32.
Rxe3 Bg3 33. Rxe8+ Rxe8 34. Bxg3 hxg3 35. Qg2 Re3 36. d6 Rc3 37. Qa8+ Kg7 38. Qd5 b4 39. Qd4+ Kg8 40. Qxb4 Qc6+ 41. Kg1 Rc2 42. Rd2 Rc1+ 0-1

[Event "*** Titled Tuesday Blitz"]
[Site "Chess.com"]
[Date "2020.12.01"]
[Round "1"]
[White "Nemsko"]
[Black "Durarbayli"]
[Result "0-1"]
[WhiteElo "2382"]
[BlackElo "2757"]
[TimeControl "180+1"]
[EndTime "10:07:41 PST"]
[Termination "Durarbayli won by resignation"]

1. e4 c5 2. Nf3 d6 3. d4 cxd4 4.
Nxd4 Nf6 5. Nc3 Nc6 6. Bg5 Qb6 7. Nxc6 bxc6 8. Rb1 Ng4 9. Bh4 h6 10. h3 Ne5 11. Bg3 Ng6 12. Bd3 e5 13. O-O Be7 14. Kh2 O-O 15. Qe2 Bg5 16. Bc4 Qc7 17. Rbd1 Kh7 18.
f3 f5 19. Kh1 fxe4 20. Nxe4 Be7 21. Bb3 a5 22. a4 Rb8 23. Qd2 d5 24. Nf2 Bd6 25.
Rfe1 Bf5 26. Nd3 e4 27. Bxd6 Qxd6 28. Nf2 exf3 29. gxf3 Qg3 30. Qc3 Qxf2 31. Rf1 Qg3 32. Qd2 Qxh3+ 33. Qh2 Qxh2+ 34. Kxh2 Rb4 35. Kg3 Rh4 36.
Rh1 Rxh1 37. Rxh1 Re8 38. Rf1 Re2 39. Rf2 Rxf2 40. Kxf2 Nf4 41. Ke3 g5 42. Kd4 Ne6+ 43.
Ke5 Kg6 44. c3 h5 45. Bd1 h4 46. Be2 h3 47. Bf1 h2 48. Bg2 Nf4 49. Bh1 Bh3 50. Kd6 Bg2 0-1

[Event "*** Titled Tuesday Blitz"]
[Site "Chess.com"]
[Date "2020.12.01"]
[Round "1"]
[White "AliKa2810"]
[Black "Teidi96"]
[Result "1-0"]
[WhiteElo "2586"]
[BlackElo "2276"]
[TimeControl "180+1"]
[EndTime "10:07:41 PST"]
[Termination "AliKa2810 won by resignation"]

1. d4 Nf6 2. c4 e6 3. Nc3 d5 4.
cxd5 exd5 5. Bg5 Be7 6. e3 c6 7. Qc2 O-O 8. Bd3 Nbd7 9. Nf3 Re8 10. O-O h6 11. Bh4 Ne4 12. Bxe7 Qxe7 13. Bxe4 dxe4 14. Nd2 Nf6 15. Rae1 h5 16. f3 exf3 17. Nxf3 Ne4 18. Ne5 f6 19. Ng6 Qe6 20. Nf4 Qe7 21. Nxh5 Nxc3 22.
bxc3 Qf7 23. Ng3 Be6 24. Rf2 Bc4 25. e4 Rad8 26. Nf5 Qg6 27. Rf3 Qh5 28. Qf2 b5 29. Rg3 g5 30. Rh3 Qg6 31. Rh6 Qf7 32. h4 Be6 33. hxg5 fxg5 34. Qg3 Bxf5 35. Qxg5+ Qg7 36. Qh4 Bxe4 37. Rxe4 Rxe4 38. Qxd8+ Kf7 39. Qd7+ Re7 40. Qf5+ Ke8 41. Re6 Rxe6 42. Qxe6+ Kd8 43. Qd6+ Kc8 44. Qxc6+ Kb8 45. Qxb5+ Ka8 46. Qd5+ Kb8 47. Qe5+ 1-0

[Event "*** Titled Tuesday Blitz"]
[Site "Chess.com"]
[Date "2020.12.01"]
[Round "1"]
[White "AlexSuv"]
[Black "UmarovSabir"]
[Result "1-0"]
[WhiteElo "2567"]
[BlackElo "2259"]
[TimeControl "180+1"]
[EndTime "10:07:42 PST"]
[Termination "AlexSuv won by resignation"]

1. d4 g6 2. Nf3 Bg7 3. Bf4 d6 4. e3 f5 5. h3 Nf6 6. Be2 O-O 7. O-O c6 8. c4 h6 9. Bh2 Qe8 10. Nc3 Nbd7 11. b4 g5 12. b5 Qg6 13. Qc2 Ne4 14.
Nxe4 fxe4 15. Nd2 Nf6 16. f3 d5 17. fxe4 dxe4 18. bxc6 bxc6 19. Be5 g4 20. hxg4 Bxg4 21. Nb3 Qh5 22. Rae1 Bxe2 23. Qxe2 Ng4 24. Bg3 Rf6 25. Nd2 Raf8 26. Rxf6 exf6 27. Nxe4 f5 28. Nc5 Re8 29.
Qf3 Bxd4 30. Nd7 Bxe3+ 31. Kf1 Nh2+ 32. Bxh2 Qxh2 33. Nf6+ Kf7 34. Nxe8 Qg1+ 35. Ke2 Qf2+ 36. Qxf2 Bxf2 37. Kxf2 Kg6 38. Nd6 Kg5 39. c5 Kf4 40.
Re6 h5 41. Rf6 h4 42. Rxf5+ Kg4 43. Rf7 h3 44. gxh3+ 1-0

[Event "*** Titled Tuesday Blitz"]
[Site "Chess.com"]
[Date "2020.12.01"]
[Round "1"]
[White "karinachess1"]
[Black "MikeSailer"]
[Result "0-1"]
[WhiteElo "2484"]
[BlackElo "2148"]
[TimeControl "180+1"]
[EndTime "10:07:44 PST"]
[Termination "MikeSailer won by resignation"]

1. e4 d5 2. exd5 Qxd5 3. Nc3 Qd6 4. Nf3 Nf6 5. d4 c6 6. g3 Bf5 7. Bg2 e6 8. O-O Be7 9. Re1 O-O 10. h3 h6 11. Ne5 Nbd7 12. Nc4 Qb4 13. Bf1 Bd8 14. Bf4 Ne8 15. d5 cxd5 16. a3 Qc5 17. Be3 Qc8 18.
Nd2 Bf6 19. Nb3 Bxc3 20. bxc3 Qxc3 21. Rc1 Rc8 22. Bd4 Qc7 23. Qe2 Nef6 24. c3 Ne4 25. Qf3 Ndf6 26. g4 Bh7 27. Bg2 Qc4 28. Rb1 b6 29. Bf1 Qc7 30. Rbc1 Ng5 31. Qg2 Be4 32. Rxe4 dxe4 33. h4 Nf3+ 34. Kh1 Nd5 35. Be3 Nxe3 36. fxe3 Qe5 37. Nd4 Nxd4 38. cxd4 Qf6 39. Re1 Rc3 40.
g5 hxg5 41. hxg5 Qg6 42. Bb5 Rfc8 43. Re2 Rc1+ 44. Kh2 Qh5+ 45. Qh3 Rh1+ 46. Kxh1 Qxh3+ 0-1

[Event "*** Titled Tuesday Blitz"]
[Site "Chess.com"]
[Date "2020.12.01"]
[Round "1"]
[White "2346PL"]
[Black "penguingm1"]
[Result "0-1"]
[WhiteElo "2454"]
[BlackElo "2995"]
[TimeControl "180+1"]
[EndTime "10:07:46 PST"]
[Termination "penguingm1 won by resignation"]

1. d4 d5 2. Nc3 Nf6 3. Bf4 e6 4. e3 Bb4 5. Bd3 c5 6. dxc5 Bxc5 7. Nf3 O-O 8. O-O Nc6 9. e4 d4 10. Ne2 Qb6 11. Ng3 Be7 12. e5 Nd5 13. Bg5 h6 14. Bxe7 Ndxe7 15. Ne4 Ng6 16. Re1 Qc7 17. Nd6 Ngxe5 18.
Nxe5 Nxe5 19. Rxe5 Qxd6 20. Rh5 Re8 21. Qg4 e5 22. Qe4 f5 23. Rxf5 Bxf5 24. Qxf5 Rac8 25. Qh7+ Kf7 26. Re1 Rc7 27. h4 Qf6 28. h5 Ke7 29. Qe4 Kd8 30. Bb5 Re6 31. Bc4 Rd6 32. b3 a6 33. Qh7 Re7 34. f3 Kc7 35. a4 Qg5 36.
Qg8 Qxh5 37. Qa8 Qg6 38. Re4 Qe8 39. Qa7 Qc6 40. a5 Rd8 41. Bd3 Ree8 42. b4 Ra8 43. Qb6+ Qxb6 44. axb6+ Kxb6 45. Rf4 exf4 0-1

[Event "*** Titled Tuesday Blitz"]
[Site "Chess.com"]
[Date "2020.12.01"]
[Round "1"]
[White "FrenchMonster2002"]
[Black "Sebastian"]
[Result "0-1"]
[WhiteElo "2442"]
[BlackElo "2941"]
[TimeControl "180+1"]
[EndTime "10:07:46 PST"]
[Termination "Sebastian won on time"]

1. e4 c5 2. Nc3 d6 3. d4 cxd4 4. Qxd4 Nc6 5. Qd2 g6 6. b3 Bh6 7.
f4 Nf6 8. Bb2 e5 9. g3 O-O 10.
O-O-O exf4 11. gxf4 Nh5 12. Nge2 Qh4 13. Nd5 Be6 14. Kb1 Bxd5 15. Qxd5 Nxf4 16. Nxf4 Bxf4 17. Bc4 Be5 18. Ba3 Rad8 19. Rdf1 Rd7 20. Rf3 Nd4 21. Rd3 Ne2 22. Qxe5 dxe5 23. Rxd7 Qxe4 24.
Rf1 Nd4 25. Bxf8 Qxc2+ 26. Ka1 Qc3+ 27. Kb1 Nf3 28. Rxf3 Qxf3 29. Rxf7 Qd1+ 30. Kb2 Qd2+ 31. Ka3 Kh8 32. Bh6 Qxh6 33. Rxb7 Qc1+ 34. Ka4 Qd2 35. Rb8+ Kg7 36. Rb7+ Kh6 37. a3 Qxh2 38. Rxa7 Qf2 39. Rb7 Qf3 40. Rb5 e4 41. Bd5 Qd3 42. Bc4 Qd4 43.
Rd5 Qa7+ 44. Kb4 e3 45. Re5 Qb8+ 0-1

[Event "*** Titled Tuesday Blitz"]
[Site "Chess.com"]
[Date "2020.12.01"]
[Round "1"]
[White "Sanan_Sjugirov"]
[Black "Kotofeyca"]
[Result "0-1"]
[WhiteElo "2883"]
[BlackElo "2452"]
[TimeControl "180+1"]
[EndTime "10:07:46 PST"]
[Termination "Kotofeyca won on time"]

1. e4 c5 2. Nf3 d6 3. d4 cxd4 4. Nxd4 Nf6 5. Nc3 a6 6. Be3 Ng4 7. Bc1 Nc6 8. Be2 Qb6 9. Bxg4 Qxd4 10. Be3 Qxd1+ 11. Bxd1 e6 12. Na4 b5 13. Nb6 Rb8 14.
Nxc8 Rxc8 15. a4 b4 16. Be2 a5 17. Bb5 Be7 18. Ke2 Bf6 19. Rad1 Ke7 20. b3 Bc3 21. f4 e5 22. Bxc6 Rxc6 23. Rd5 Bd4 24. Bxd4 exd4 25.
Kd2 Rhc8 26. Rc1 Rc3 27. Rxd4 R8c5 28. Rd3 Ke6 29. Rxc3 Rxc3 30. Re1 g6 31. Re3 Rc5 32. g3 f6 33. c3 bxc3+ 34. Rxc3 Rh5 35. h4 g5 36. hxg5 fxg5 37. Ke3 gxf4+ 38. gxf4 Rh1 39.
Kd4 Rd1+ 40. Kc4 h5 41. Rh3 Rf1 42. Rxh5 Rxf4 43. Kd4 Rf3 44. Rb5 Rh3 45. Kc4 Re3 46. Rxa5 Rxe4+ 0-1